 Dungeon Crawl Stone Soup version 0.24-a0-471-g3302cd442e (webtiles) character file.

Game seed: 2108601558010768265

464 vurker the Quickloader (level 7, -6/44 HPs)
             Began as a Kobold Hunter on July 4, 2019.
             Mangled by an ogre
             ... wielding a +0 giant club
              (12 damage)
             ... on level 5 of the Dungeon.
             The game lasted 00:07:39 (4384 turns).

vurker the Quickloader (Kobold Hunter)              Turns: 4384, Time: 00:07:40

Health: -6/44      AC: 14    Str: 11    XL:     7   Next: 29%
Magic:  7/7        EV:  1    Int: 13    God:
Gold:   169        SH:  7    Dex: 15    Spells: 6/6 levels left

rFire    . . .     SeeInvis .   a - +1 hand crossbow
rCold    . . .     Gourm    .   q - +0 shield
rNeg     . . .     Faith    .   w - +0 plate armour
rPois    .         Spirit   .   f - +0 helmet
rElec    .         Reflect  .   x - scarf {repulsion}
rCorr    .         Harm     .   h - +1 pair of gloves
MR       .....                  y - +0 pair of boots
Stlth    ..........             (no amulet)
HPRegen  0.14/turn              s - ring of flight
MPRegen  0.10/turn              (no ring)

@: repel missiles
A: small, carnivore
a: Evoke Flight


You were on level 5 of the Dungeon.
You were completely stuffed.

You visited 1 branch of the dungeon, and saw 5 of its levels.

You collected 169 gold pieces.

Inventory:

Hand Weapons
 a - a +1 hand crossbow (weapon)
 b - a +0 short sword
Missiles
 d - 76 bolts (quivered)
Armour
 f - a +0 helmet (worn)
   (You found it on level 4 of the Dungeon)
 h - a +1 pair of gloves (worn)
   (You found it on level 5 of the Dungeon)
 q - a +0 shield (worn)
   (You found it on level 3 of the Dungeon)
 w - a +0 plate armour (worn)
   (You found it on level 4 of the Dungeon)
 x - a scarf of repulsion (worn)
   (You found it on level 4 of the Dungeon)
 y - a +0 pair of boots (worn)
   (You found it on level 4 of the Dungeon)
Jewellery
 s - a ring of flight (left hand)
   (You found it on level 3 of the Dungeon)
Scrolls
 i - 4 scrolls of remove curse {@r2}
 o - 2 scrolls of teleportation {@r4}
Potions
 j - 2 potions of curing {@q1}
 k - a potion of resistance {unknown}
 l - a potion of might
 p - a potion of agility
 t - a potion of mutation {!q}
 u - a potion of degeneration {unknown}
 z - a potion of invisibility {unknown}
Comestibles
 c - 3 chunks of flesh
 e - 8 rations {!d}


   Skills:
 + Level 4.9 Fighting
 * Level 8.6 Crossbows
 - Level 2.4 Dodging
 - Level 1.3 Stealth


You had 6 spell levels left.
You didn't know any spells.
Your spell library contained the following spells:

 Spells                   Type           Power        Failure   Level  Hunger
 Corona                   Hex            #......      100%        1    ##.....
 Ensorcelled Hibernation  Hex/Ice        #.....       100%        2    ###....
 Confuse                  Hex            #.......     100%        3    ####...
 Dazzling Spray           Conj/Hex       #.....       100%        3    ####...
 Tukima's Dance           Hex            #.......     100%        3    ####...


Dungeon Overview and Level Annotations

Branches:
Dungeon (5/15)
 Temple: D:4-7

Altars:
Cheibriados
Elyvilon
Vehumet

Shops:
D:4 !%=%%


Innate Abilities, Weirdness & Mutations

You are small and have problems with some larger weapons.
You are carnivorous and can eat meat at any time.


Message History

You kill the ice beast!
No target in view!
d - 86 bolts (gained 3)
You butcher the worker ant corpse.
c - 3 chunks of flesh (gained 2)
An ogre comes into view. It is wielding a +0 giant club.
Found a potion of heal wounds.
You see here 3 bolts.
An ogre is nearby!
An ogre is nearby!
Firing (i - inventory)
d - 86 bolts (quivered)
Aim: an ogre, wielding a +0 giant club You shoot a bolt.
The bolt barely misses the ogre.
Firing (i - inventory)
d - 85 bolts (quivered)
Aim: an ogre, wielding a +0 giant club You shoot a bolt.
The bolt barely misses the ogre.
Firing (i - inventory)
d - 84 bolts (quivered)
Aim: an ogre, wielding a +0 giant club You shoot a bolt.
The bolt hits the ogre!
Firing (i - inventory)
d - 83 bolts (quivered)
Aim: an ogre, wielding a +0 giant club (moderately wounded)
You shoot a bolt.
The bolt hits the ogre but does no damage.
You block the ogre's attack.
Firing (i - inventory)
d - 82 bolts (quivered)
Aim: an ogre, wielding a +0 giant club (moderately wounded)
You shoot a bolt. The bolt barely misses the ogre.
The ogre barely misses you.
Firing (i - inventory)
d - 81 bolts (quivered)
Aim: an ogre, wielding a +0 giant club (moderately wounded)
You shoot a bolt. The bolt barely misses the ogre.
The ogre hits you with a +0 giant club!
Firing (i - inventory)
d - 80 bolts (quivered)
Aim: an ogre, wielding a +0 giant club (moderately wounded)
You shoot a bolt. The bolt hits the ogre.
The ogre hits you but does no damage.
Firing (i - inventory)
d - 79 bolts (quivered)
Aim: an ogre, wielding a +0 giant club (heavily wounded)
You shoot a bolt. The bolt hits the ogre.
The ogre hits you with a +0 giant club!!
Ouch! That really hurt!
* * * LOW HITPOINT WARNING * * *
Firing (i - inventory)
d - 78 bolts (quivered)
Aim: an ogre, wielding a +0 giant club (heavily wounded)
You shoot a bolt. The bolt barely misses the ogre.
The ogre hits you with a +0 giant club.
* * * LOW HITPOINT WARNING * * *
Firing (i - inventory)
d - 77 bolts (quivered)
Aim: an ogre, wielding a +0 giant club (heavily wounded)
You shoot a bolt. The bolt barely misses the ogre.
The ogre hits you with a +0 giant club!
You die...

#.# #. ... #. #.# #.
##.## #! ... #. #.#
.#####(#####.#
.......O.....#######
.(.((([@...........#
..>...........###..#
...###.............#####
. ########.###.......
#.# #.###### #.# #.# #.#
#.# #.# #.###### ...
........


You could see an ogre.

Vanquished Creatures
  An ice beast (D:5)
  2 hounds (D:4)
  2 orc wizards (D:4)
  Natasha (twice) (D:2)
  2 worker ants
  A howler monkey skeleton (D:4)
  5 adders
  An ooze (D:1)
  6 worms
  6 dart slugs
  2 leopard geckos
  2 orcs
  5 giant cockroaches
  6 goblins
  9 hobgoblins
  3 jackals (D:3)
  5 kobolds
  3 quokkas (D:3)
  2 ball pythons
  3 bats
  6 frilled lizards
  A quokka skeleton (D:4)
  5 rats
80 creatures vanquished.

Notes
Turn   | Place    | Note
-------+----------+-------------------------------------------
     0 | D:1      | vurker the Kobold Hunter began the quest for the Orb.
     0 | D:1      | Reached XP level 1. HP: 12/12 MP: 1/1
    22 | D:1      | Reached skill level 5 in Crossbows
    30 | D:1      | Reached XP level 2. HP: 18/18 MP: 2/2
   229 | D:1      | Reached XP level 3. HP: 22/22 MP: 3/3
  1056 | D:2      | Noticed Natasha
  1058 | D:2      | Killed Natasha
  1058 | D:2      | Reached skill level 6 in Crossbows
  1058 | D:2      | Reached XP level 4. HP: 28/28 MP: 4/4
  1207 | D:2      | Noticed Natasha
  1221 | D:2      | Killed Natasha
  1284 | D:2      | Reached XP level 5. HP: 22/32 MP: 5/5
  1939 | D:3      | Found a radiant altar of Vehumet.
  2185 | D:3      | Found a white marble altar of Elyvilon.
  2554 | D:3      | Reached skill level 7 in Crossbows
  3060 | D:4      | Found Popautagg's Food Shop.
  3120 | D:4      | Reached XP level 6. HP: 34/38 MP: 6/6
  3187 | D:4      | Found a snail-covered altar of Cheibriados.
  3192 | D:4      | Found Unias's Jewellery Boutique.
  3440 | D:4      | Found Taiciq Tynu's Food Shoppe.
  3547 | D:4      | Reached skill level 8 in Crossbows
  3840 | D:4      | Found Zeseaso's Food Emporium.
  3951 | D:4      | Found Nueril's Distillery.
  4205 | D:5      | Entered Level 5 of the Dungeon
  4312 | D:5      | Reached XP level 7. HP: 44/44 MP: 7/7
  4384 | D:5      | Mangled by an ogre

Levels and vault maps discovered:
D:1:      lemuel_arrival_lava_pool, layout_loops_ring
D:2:      wander_river, layout_loops_corners, first_ration, uniq_natasha
D:3:      layout_basic, lemuel_round_altar, vehumet_crystals
D:4:      layout_loops_ring, kennysheep_mini_moat, serial_shops,
          nicolae_shop_stone, nicolae_shop_trees, nicolae_shop_stone,
          nicolae_shop_trees, shop, minmay_bisected
D:5:      layout_loops_ring, nicolae_overflow_crystal_walls, old_standard_altar,
          temple_hall, uniq_blork_the_orc

Skill      XL: |  1  2  3  4  5  6 |
---------------+-------------------+-----
Crossbows      | 5 6 7 8 |  8.6
Fighting       | 3 4 |  4.9
Dodging        | |  2.4
Stealth        | |  1.3

Action                   |  1- 3 |  4- 6 |  7- 9 || total
-------------------------+-------+-------+-------++-------
 Fire: Hand crossbow     |    55 |   168 |    23 ||   246
  Use: Scroll            |       |    11 |       ||    11
       Potion            |       |       |     1 ||     1
  Eat: Chunk             |     9 |    10 |       ||    19
Armor: Leather armour    |     1 |    10 |       ||    11
       Plate armour      |       |     3 |     5 ||     8
Dodge: Dodged            |     6 |    43 |     2 ||    51
Block: Shield            |       |    16 |     3 ||    19

Table legend:
 A = Non-vault XP
 B = Vault XP
 C = Vault XP percentage of total XP
 D = Non-vault monster count
 E = Vault monster count
 F = Vault count percentage of total count
                 A         B        C        D         E       F
            +---------+---------+-------+---------+---------+-------
      Total |     628 |      36 |   5.4 |      78 |       2 |   2.5
            +---------+---------+-------+---------+---------+-------
        D:1 |      44 |       0 |   0.0 |      21 |       0 |   0.0
        D:2 |      88 |      35 |  28.5 |      18 |       1 |   5.3
        D:3 |      59 |       0 |   0.0 |      22 |       0 |   0.0
        D:4 |     267 |       1 |   0.4 |      14 |       1 |   6.7
        D:5 |     170 |       0 |   0.0 |       3 |       0 |   0.0
            +---------+---------+-------+---------+---------+-------
